 Dungeon Crawl Stone Soup version 0.31-a0-365-gcf821cafb2 (webtiles) character file.

Game seed: 3208641099079539097

432 LeprechaunX the Ruffian (level 7, -1/69 HPs)
             Began as an Octopode Shapeshifter on July 27, 2023.
             Constricted to death by Ijyb (5 damage)
             ... on level 5 of the Dungeon.
             The game lasted 00:03:54 (3082 turns).

LeprechaunX the Ruffian (Octopode Shapeshifter)     Turns: 3082, Time: 00:03:55

Health: -1/69      AC: 23    Str: 16    XL:     7   Next: 0%
Magic:  7/7        EV: -1    Int: 10    God:
Gold:   234        SH:  5    Dex: 13    Spells: 6/6 levels left

rFire   . . .        p - +2 short sword (speed)
rCold   . . .        (no shield)
rNeg    . . .        (helmet currently unavailable)
rPois   +            m - amulet of reflection
rElec   .            (no ring)
rCorr   .            (no ring)
SInv    .            (no ring)
Will    .....        (no ring)
Stlth   +            (no ring)
HPRegen 0.31/turn    (no ring)
MPRegen 0.10/turn    (no ring)
                     (no ring)

%: reflection
@: tree-form, grasped by roots, constricted
A: stationary, stasis, torment immunity, boosted hp, almost no armour,
(amphibious), 8 rings, (camouflage 1), (gelatinous body 1), (nimble swimmer 1),
(tentacles)
a: no special abilities


You were on level 5 of the Dungeon.
You were a tree.
You visited 1 branch of the dungeon, and saw 5 of its levels.

You collected 234 gold pieces.

Inventory:

Hand Weapons
 p - a +2 short sword of speed (weapon)
Missiles
 f - 3 curare-tipped darts (quivered)
 q - 3 atropa-tipped darts
 s - 3 boomerangs
 u - 4 datura-tipped darts
Jewellery
 l - an amulet of guardian spirit
 m - an amulet of reflection (around neck)
Talismans
 b - a beast talisman
Scrolls
 c - 6 scrolls of identify {unknown}
 e - a scroll of torment {unknown}
 g - a scroll of revelation {unknown}
 i - 3 scrolls of poison {unknown}
 j - a scroll of teleportation {unknown}
 r - a scroll of blinking {unknown}
 t - a scroll of silence {unknown}
Potions
 d - 3 potions of curing {unknown}
 h - a potion of berserk rage {unknown}
 k - a potion of enlightenment {unknown}
 n - a potion of attraction {unknown}
 o - 2 potions of brilliance {unknown}


   Skills:
 + Level 3.3 Fighting
 + Level 2.6 Throwing
 - Level 2.0 Dodging
 + Level 5.1 Unarmed Combat
 + Level 4.0 Shapeshifting


You had 6 spell levels left.
You didn't know any spells.
Your spell library contained the following spells:

 Spells                   Type           Power      Damage    Failure   Level
 Magic Dart               Conj           0%         1d3       36%         1
 Shock                    Conj/Air       0%         1d3       36%         1
 Slow                     Hex            0%         N/A       36%         1
 Searing Ray              Conj           0%         2d4       50%         2
 Sublimation of Blood     Necr           0%         N/A       50%         2
 Wereblood                Tmut           0%         N/A       50%         2
 Confusing Touch          Hex            0%         N/A       75%         3
 Vampiric Draining        Necr           0%         2d6       75%         3
 Fulminant Prism          Conj/Hex       0%         3d5       98%         4
 Summon Hydra             Summ           0%         N/A       100%        7


Dungeon Overview and Level Annotations

Branches:
Dungeon (5/15)
 Temple: D:4-7

Altars:
Qazlal
Xom
Yredelemnul

Annotations:
D:5 Ijyb


Innate Abilities, Weirdness & Mutations

You are a tree.
Your roots penetrate the ground, keeping you stationary.
You cannot be teleported.
You are immune to unholy pain and torment.
Your maximum health is greatly increased.
You cannot wear most types of armour.
((You are amphibious.))
You can wear up to eight rings at the same time.
((Your skin changes colour to match your surroundings (Stealth+).))
((Your rubbery body absorbs attacks. (AC +1, EV +1)))
((You are camouflaged when in or above water. (Stealth+)))
((You have tentacles for arms and can constrict up to eight enemies at once.))


Message History

You hit the ice beast.
The ice beast is lightly wounded.
The ice beast hits you.
* * * LOW HITPOINT WARNING * * *
The ice beast freezes you!
* * * LOW HITPOINT WARNING * * *
Ijyb zaps a wand.
The roots erupt in riotous growth!
The ice beast is unaffected.
Ijyb is unaffected.
The grasping roots grab you! The grasping roots constrict you.
You closely miss the ice beast.
The ice beast is lightly wounded.
The grasping roots constrict you.
* * * LOW HITPOINT WARNING * * *
The ice beast hits you but does no damage.
You hit the ice beast.
The ice beast is moderately wounded.
The grasping roots release their grip on you.
You barely miss the ice beast. You punch the ice beast.
The ice beast is heavily wounded.
The ice beast hits you but does no damage.
You hit the ice beast.
The ice beast is heavily wounded.
The ice beast hits you but does no damage.
Ijyb zaps a wand.
The roots erupt in riotous growth!
The ice beast is unaffected.
Ijyb is unaffected.
The grasping roots grab you! The grasping roots constrict you.
You puncture the ice beast!
The ice beast is severely wounded.
You barely miss the ice beast. You punch the ice beast.
The ice beast is almost dead.
The ice beast hits you but does no damage.
Ijyb screams, "Die!"
The grasping roots constrict you.
You hit the ice beast.
The ice beast is almost dead.
The ice beast hits you but does no damage.
The grasping roots constrict you.
You die...

######### .
# #....gY.#
<.#.
#.#####♣#
..... #.#
#.#
......###.#
#.#
.(..(.....#
#.#
###.#######
#.# #.# #.#
#.#


You could see an ice beast and Ijyb.

Vanquished Creatures
  2 scorpions (D:4)
  A hound (D:4)
  A jelly (D:4)
  2 iguanas
  Robin (D:2)
  11 adders
  A worm (D:2)
  2 dart slugs
  A ball python (D:2)
  6 bats
  9 endoplasms
  2 giant cockroaches
  15 goblins
  6 hobgoblins
  12 kobolds
  4 quokkas
  4 frilled lizards
  8 rats
88 creatures vanquished.

Notes
Turn   | Place    | Note
-------+----------+-------------------------------------------
     0 | D:1      | LeprechaunX the Octopode Shapeshifter began the quest for
                  | the Orb.
     0 | D:1      | Reached XP level 1. HP: 13/13 MP: 1/1
   121 | D:1      | Reached XP level 2. HP: 18/18 MP: 2/2
   490 | D:1      | Reached XP level 3. HP: 17/23 MP: 3/3
   907 | D:2      | Reached skill level 4 in Unarmed Combat
   907 | D:2      | Reached XP level 4. HP: 27/29 MP: 4/4
   972 | D:2      | Identified the +1 helmet of Greed {rElec Will+}
   972 | D:2      | Noticed Robin
   987 | D:2      | Killed Robin
  1004 | D:2      | Reached skill level 1 in Throwing
  1015 | D:2      | Found a faded altar of an unknown god.
  1073 | D:2      | Got Plato's Verses on Battling
  1446 | D:2      | Reached XP level 5. HP: 26/34 MP: 3/5
  1521 | D:2      | Found a shimmering altar of Xom.
  1849 | D:3      | Found a stormy altar of Qazlal.
  2090 | D:3      | Found a basalt altar of Yredelemnul.
  2551 | D:4      | Reached XP level 6. HP: 36/41 MP: 6/6
  2782 | D:4      | Reached skill level 5 in Unarmed Combat
  2959 | D:4      | Reached XP level 7. HP: 46/46 MP: 7/7
  3042 | D:5      | Entered Level 5 of the Dungeon
  3052 | D:5      | Noticed Ijyb
  3076 | D:5      | HP: 3/69 [constriction (2)]
  3082 | D:5      | Constricted to death by Ijyb

Illustrated notes

Levels and vault maps discovered:
D:1:      ebering_trefoil_twist, layout_loops_ring
D:2:      layout_basic, shapermc_ecumenical_altar_rom_forum, basic_altar,
          uniq_robin
D:3:      layout_basic, mainiacjoe_overflow_surrounded_room,
          grunt_qazlal_sundering, chequers_serial_rivers_small_3
D:4:      layout_rooms
D:5:      layout_loops_corners, hangedman_ru_absence, serial_demonic,
          serial_demonic_c, serial_demonic_e, serial_demonic_a,
          serial_demonic_d, serial_demonic_b, serial_demonic_e,
          serial_demonic_e, serial_demonic_a, uniq_ijyb, uniq_pikel

Skill      XL: |  1  2  3  4  5  6 |
---------------+-------------------+-----
Unarmed Combat | 4 5 |  5.1
Fighting       | 2 3 |  3.3
Throwing       | 1 2 |  2.6
Shapeshifting  | 4 |  4.0
Dodging        | |  2.0

Action                     |  1- 3 |  4- 6 |  7- 9 || total
---------------------------+-------+-------+-------++-------
  Melee: Unarmed           |    58 |    59 |       ||   117
         Tentacles         |     8 |    23 |       ||    31
         Constrict         |    15 |    30 |       ||    45
         Punch             |     2 |     2 |     2 ||     6
         Short sword       |       |    49 |    14 ||    63
  Throw: Boomerang         |       |     4 |       ||     4
         Dart              |       |       |     3 ||     3
    Use: Potion            |       |       |     1 ||     1
   Stab: Sleeping          |     8 |     7 |       ||    15
         Distracted        |       |     1 |       ||     1
 Armour: Skin              |     5 |     2 |     7 ||    14
  Dodge: Dodged            |    32 |    45 |     3 ||    80
  Block: Other             |       |     6 |       ||     6

Table legend: (Time is in decaauts)
 A = Elapsed time spent in this place.
 B = Non-inter-level travel time spent in this place.
 C = Inter-level travel time spent in this place.
 D = Time resting spent in this place.
 E = Time spent auto-exploring this place.
 F = Levels seen in this place.
 G = Mean time per level.
                   A        B        C        D        E       F      G
               +--------+--------+--------+--------+--------+-----+--------+
         Total |   3050 |   2928 |    122 |      0 |   2403 |   5 |  610.0 |
       Dungeon |   3050 |   2928 |    122 |      0 |   2403 |   5 |  610.0 |
               +--------+--------+--------+--------+--------+-----+--------+

Top non-repeatable levels by time:
     D:2: 921 daAuts
     D:1: 825 daAuts
     D:3: 691 daAuts
     D:4: 577 daAuts
     D:5: 35 daAuts
